 Dungeon Crawl Stone Soup version 0.18-a0-1655-ge2d8d33 (webtiles) character file.

76 M4edhros the Sneak (level 4, -3/28 HPs)
             Began as an Octopode Wanderer on Mar 30, 2016.
             Slain by a river rat (10 damage)
             ... in a sewer.
             The game lasted 00:01:35 (1727 turns).

M4edhros the Sneak (Octopode Wanderer)              Turns: 1727, Time: 00:01:36

Health: -3/28      AC:  1    Str:  9    XL:     4   Next: 32%
Magic:  4/4        EV: 11    Int: 21    God:
Gold:   97         SH:  0    Dex: 12    Spells: 0 memorised, 3 levels left

rFire  . . .     SeeInvis .     q - +0 spear
rCold  . . .     Gourm    .     (no shield)
rNeg   . . .     Faith    .     (helmet restricted)
rPois  .         Spirit   .     (no amulet)
rElec  .         Dismiss  .     (no ring)
rCorr  .         Reflect  .     (no ring)
SustAt .         Harm     .     (no ring)
MR     .....                    (no ring)
Stlth  +++++.....               (no ring)
                                (no ring)
                                (no ring)
                                (no ring)

@: brilliant, very slightly contaminated, hasted, very quick, not resistant to
hostile enchantments, quite stealthy
A: almost no armour, amphibious, 8 rings, constrict 8, camouflage 1, gelatinous
body 1
a: no special abilities


You were in a sewer.
You were not hungry.

You visited 1 branch of the dungeon, and saw 3 of its levels.
You also visited: Sewer.

You collected 97 gold pieces.

Inventory:

Hand Weapons
 b - a +2 blowgun
 g - a +0 club
 q - a +0 spear (weapon)
Missiles
 a - a curare-tipped needle
 j - 44 stones (quivered)
 k - 19 poisoned needles
Wands
 r - a wand of iceblast (9/15)
Scrolls
 h - a scroll of magic mapping {unknown}
 i - 2 scrolls of identify {unknown}
 m - a scroll of immolation {unknown}
 n - 3 scrolls of remove curse {unknown}
 s - a scroll of random uselessness {unknown}
 t - a scroll of blinking {unknown}
Potions
 e - a potion of brilliance
 l - a potion of haste
 p - a potion of flight {unknown}
Books
 c - the Compendium of Moulding

   Spells                             Type                      Level
   a - Sticks to Snakes               Transmutation                2
   b - Passwall                       Transmutation/Earth          2
 d - the Catalogue of Scorching Combat Magic

   Spells                             Type                      Level
   a - Flame Tongue                   Conjuration/Fire             1
   b - Throw Flame                    Conjuration/Fire             2
Comestibles
 f - 2 bread rations
 o - a beef jerky
 u - a chunk of flesh


   Skills:
 - Level 1.0 Fighting
   Level 2.0 Crossbows
 - Level 1.0 Throwing
 + Level 5.5 Stealth
   Level 1.0 Summonings
   Level 4.0 Fire Magic
 - Level 1.1 Evocations


You had 3 spell levels left.
You didn't know any spells.

Dungeon Overview and Level Annotations

Branches:
Dungeon (3/15)

Altars:
Sif Muna


Innate Abilities, Weirdness & Mutations

You cannot wear most types of armour.
You are amphibious.
You can wear up to eight rings at the same time.
You can use your tentacles to constrict eight enemies at once.
Your skin changes colour to match your surroundings (Stealth).
Your rubbery body absorbs attacks (AC +1).


Message History

You hit the river rat but do no damage. You grab the river rat.
The river rat is moderately wounded.
You constrict the river rat. The river rat bites you!
* * * LOW HITPOINT WARNING * * *
You are too injured to fight recklessly!
You are too injured to fight recklessly!
Drink which item? (? for menu, Esc to quit)
It was a potion of brilliance.
You feel clever all of a sudden.
You constrict the river rat, but do no damage.
The river rat closely misses you.
Drink which item? (? for menu, Esc to quit)
It was a potion of haste.
You feel yourself speed up.
You constrict the river rat. The river rat closely misses you.
You are very lightly contaminated with residual magic.
You hit the river rat but do no damage.
The river rat is heavily wounded.
You constrict the river rat, but do no damage.
The river rat bites you!
You die...

##≈..## ##...##
###...∩.####≈.≈..#
≈≈≈≈≈.∩..≈≈≈≈≈...≈#
####.≈..≈####≈....#
##≈≈≈## ##≈..##
##≈## ##≈## #≈ #≈#
≈≈ #≈# ##≈ #@# #r#
.≈. ....≈ ≈≈.S..#
##....≈# ##.≈.##
#####


You could see an adder (sleeping) and a river rat.

Vanquished Creatures
  2 adders (D:3)
  2 oozes (Sewer)
  A worm (Sewer)
  2 dart slugs (D:1)
  A giant gecko (D:1)
  7 bats
  A giant cockroach (D:3)
  6 goblins
  4 hobgoblins (D:1)
  6 kobolds
  A quokka (D:2)
  2 giant newts (D:1)
  8 rats
43 creatures vanquished.

Notes
Turn   | Place    | Note
--------------------------------------------------------------
     0 | D:1      | M4edhros the Octopode Wanderer began the quest for the Orb.
     0 | D:1      | M4edhros set off with: a curare-tipped needle, a +2 blowgun, the Compendium of Moulding, the Catalogue of Scorching Combat Magic, a bread ration
     0 | D:1      | Reached XP level 1. HP: 13/13 MP: 1/1
     7 | D:1      | Reached skill level 1 in Stealth
   224 | D:1      | Reached skill level 2 in Stealth
   233 | D:1      | Reached XP level 2. HP: 15/18 MP: 2/2
   350 | D:1      | Reached skill level 3 in Stealth
   710 | D:1      | Reached XP level 3. HP: 22/23 MP: 3/3
   883 | D:1      | Reached skill level 4 in Stealth
  1128 | D:2      | Found a deep blue altar of Sif Muna.
  1506 | D:3      | Found a glowing drain.
  1515 | D:3      | Reached skill level 5 in Stealth
  1515 | D:3      | Reached XP level 4. HP: 13/28 MP: 4/4
  1680 | Sewer    | Entered a sewer
  1727 | Sewer    | Slain by a river rat

Vault maps used:
D:1:      dpeg_arrival_sounds_slurp
D:2:      old_standard_altar, serial_curves, eino_curves_04, eino_curves_04,
          eino_curves_02, eino_curves_03, minmay_misc_feat_pillars,
          hangedman_decor_slide_cut, kennysheep_generic_room_14
D:3:      portal_sewer_entry_b, minivault_11, serial_park_tiny_2,
          uniq_crazy_yiuf_cottage, uniq_terence, uniq_robin
Sewer:    sewer_co_15_rooms

Skill      XL: |  1  2  3 |
---------------+----------+-----
Stealth        | 2 3 5 |  5.5
Fighting       | |  1.0
Crossbows      | |  2.0
Throwing       | |  1.0
Summonings     | |  1.0
Fire Magic     | |  4.0
Evocations     | |  1.1

Action                   |  1- 3 |  4- 6 || total
-------------------------+-------+-------++-------
Melee: Club              |    46 |       ||    46
       Unarmed           |     7 |       ||     7
       Spear             |    27 |    28 ||    55
  Use: Potion            |       |     2 ||     2
 Stab: Sleeping          |     9 |       ||     9
  Eat: Chunk             |     1 |     2 ||     3
